cohdb
Replays
Latest Replays
All Replays
Popular Replays
Top Player Replays
Match Explorer
How It Works
Community
CoH3 Stats
Reddit
Sign in to upload your games and track your stats! →
Sign in with Steam
Match 45170342
Unlisted
Match 45170342
Overview
Messages
Build Orders
End
Construct Section Command Post
Selects Heavy Armor Battlegroup
Infantry Section
Dingo Light Scout Car
Infantry Section
Vickers Machine Gun Team
Construct Platoon Command Post
Selects Rigorous Vehicle Training
Selects Forward Repair Assembly
Humber Armored Car
Royal Engineer Section
Unlock M3 Stuart Light Tanks
M3 Stuart Light Tank
M3 Stuart Light Tank
Vickers Machine Gun Team
Infantry Section
Royal Engineer Section
6-pounder Anti-tank Gun Team
Construct Company Command Post
Selects Light Vehicle Withdraw and Refit
Light Vehicle Withdraw and Refit
Crusader II Medium Tank
Crusader II Medium Tank
Armored Vehicle Training
Infantry Section
6-pounder Anti-tank Gun Team
MetelStairs
anioki
Sky Blues
Frye
naturia2017
Anavrin
0
0
Comments
sign in to comment!
No comments posted yet!